 Dungeon Crawl Stone Soup version 0.24-a0-228-g05560da (webtiles) character file.

Game seed: 15264476151000789411

49 geeko55 the Grasshopper (level 3, 0/31 HPs)
             Began as a Gnoll Warper on Apr 1, 2019.
             Slain by an adder (1 damage)
             ... on level 1 of the Dungeon.
             The game lasted 00:03:11 (538 turns).

geeko55 the Grasshopper (Gnoll Warper)               Turns: 538, Time: 00:03:12

Health: 0/31       AC:  4    Str: 18    XL:     3   Next: 77%
Magic:  8/9        EV: 14    Int: 16    God:
Gold:   66         SH:  0    Dex: 14    Spells: 1/12 levels left

rFire    . . .     SeeInvis .   a - +0 spear
rCold    . . .     Gourm    .   (no shield)
rNeg     . . .     Faith    .   b - +0 leather armour
rPois    .         Spirit   .   (no helmet)
rElec    .         Reflect  .   i - +0 cloak
rCorr    .         Harm     .   (no gloves)
MR       .....                  (no boots)
Stlth    +.........             (no amulet)
HPRegen  0.10/turn              (no ring)
MPRegen  0.11/turn              (no ring)

@: mighty, lethally poisoned (0 -> -5)
A: distributed training, fangs 1, strong nose
a: no special abilities


You were on level 1 of the Dungeon.
You were not hungry.

You visited 1 branch of the dungeon, and saw 2 of its levels.

You collected 66 gold pieces.

Inventory:

Hand Weapons
 a - a +0 spear (weapon)
Missiles
 e - 5 tomahawks of dispersal (quivered)
Armour
 b - a +0 leather armour (worn)
 i - a +0 cloak (worn)
Scrolls
 c - a scroll of fog {unknown}
 d - a scroll of blinking
 h - 2 scrolls of remove curse {unknown}
 j - 2 scrolls of teleportation {unknown}
 k - a scroll of immolation {unknown}
 l - a scroll of magic mapping {unknown}
 m - a scroll of amnesia {unknown}
Comestibles
 f - 5 rations


   Skills:
 + Level 4.5 Fighting
 + Level 0.9 Short Blades
 + Level 0.9 Long Blades
 + Level 0.9 Axes
 + Level 0.9 Maces & Flails
 + Level 4.5 Polearms
 + Level 0.9 Staves
 + Level 0.9 Slings
 + Level 0.9 Bows
 + Level 0.9 Crossbows
 + Level 2.6 Throwing
 + Level 2.6 Armour
 + Level 4.5 Dodging
 + Level 0.9 Stealth
 + Level 0.9 Shields
 + Level 0.9 Unarmed Combat
 + Level 5.0 Spellcasting
 + Level 0.6 Conjurations
 + Level 0.6 Hexes
 + Level 0.6 Charms
 + Level 0.6 Summonings
 + Level 0.6 Necromancy
 + Level 5.4 Translocations
 + Level 0.6 Transmutations
 + Level 0.6 Fire Magic
 + Level 0.6 Ice Magic
 + Level 0.6 Air Magic
 + Level 0.6 Earth Magic
 + Level 0.6 Poison Magic
 + Level 1.0 Invocations
 + Level 0.9 Evocations


You had one spell level left.
You knew the following spells:

 Your Spells              Type           Power        Failure   Level  Hunger
a - Blink                 Tloc           N/A          3%          2    #......
b - Gell's Gravitas       Tloc           ###.......   6%          3    ###....
c - Lesser Beckoning      Tloc           ###.......   6%          3    ###....
d - Teleport Other        Tloc           ###.....     6%          3    ###....

Your spell library contained the following spells:

 Spells                   Type           Power        Failure   Level  Hunger
 Shroud of Golubria       Chrm/Tloc      ##........   8%          2    #......
 Passage of Golubria      Tloc           N/A          19%         4    ####...


Dungeon Overview and Level Annotations

Branches:
Dungeon (2/15)

Altars:

Annotations:
D:2 Terence


Innate Abilities, Weirdness & Mutations

Your experience applies equally to all skills.
You have very sharp teeth.
Your uncanny sense of smell can sniff out nearby items.


Message History

You are too injured to fight recklessly!
You are too injured to fight recklessly!
You miss the adder. The adder bites you.
* * * LOW HITPOINT WARNING * * *
You are poisoned.
The adder poisons you!
You hit the adder but do no damage.
You feel sick. The adder closely misses you.
You hit the adder.
The adder is heavily wounded.
The adder bites you.
* * * LOW HITPOINT WARNING * * *
The adder bites you.
* * * LOW HITPOINT WARNING * * *
* * * LOW HITPOINT WARNING * * *
You feel sick.
It was a potion of might.
You feel very mighty all of a sudden. The adder bites you.
You die...

....#.##.###...............#
......##....)..............######
....#...###......................
....#............................
.........#.......................
....###.##...............#.......
....##..................##.......
....†.....>......................
.).##........>.S@................
...)..............###............
..........#.......###(...........
...............)....[............
........####..........(.÷)....###
...###### #..................##
........# #......#............#
..##..#.####..............^.>..#
.........(.######..............#


You could see an adder.

Vanquished Creatures
  Jessica (D:2)
  An ooze (D:1)
  3 hobgoblins (D:1)
  3 bats (D:1)
  A frilled lizard (D:1)
  4 goblins (D:1)
  5 kobolds (D:1)
  3 rats (D:1)
21 creatures vanquished.

Notes
Turn   | Place    | Note
-------+----------+-------------------------------------------
     0 | D:1      | geeko55 the Gnoll Warper began the quest for the Orb.
     0 | D:1      | Reached XP level 1. HP: 20/20 MP: 6/6
   137 | D:1      | Reached XP level 2. HP: 23/26 MP: 7/7
   377 | D:1      | Reached XP level 3. HP: 30/31 MP: 9/9
   381 | D:1      | Learned a level 2 spell: Blink
   385 | D:1      | Learned a level 3 spell: Gell's Gravitas
   389 | D:1      | Learned a level 3 spell: Lesser Beckoning
   452 | D:1      | Learned a level 3 spell: Teleport Other
   492 | D:2      | Noticed Jessica
   496 | D:2      | Noticed Terence
   504 | D:2      | Killed Jessica
   504 | D:2      | Reached skill level 5 in Spellcasting
   504 | D:2      | Reached skill level 1 in Invocations
   536 | D:1      | HP: 1/31 [adder (4)]
   538 | D:1      | Slain by an adder

Levels and vault maps discovered:
D:1:      dpeg_arrival_rhombi, layout_rooms
D:2:      layout_rooms, old_standard_altar, minmay_pentomino_w4, uniq_terence,
          uniq_jessica

Skill      XL: |  1  2  3 |
---------------+----------+-----
Spellcasting   | 5 |  5.0
Invocations    | 1 |  1.0
Fighting       | |  4.5
Short Blades   | |  0.9
Long Blades    | |  0.9
Axes           | |  0.9
Maces & Flails | |  0.9
Polearms       | |  4.5
Staves         | |  0.9
Slings         | |  0.9
Bows           | |  0.9
Crossbows      | |  0.9
Throwing       | |  2.6
Armour         | |  2.6
Dodging        | |  4.5
Stealth        | |  0.9
Shields        | |  0.9
Unarmed Combat | |  0.9
Conjurations   | |  0.6
Hexes          | |  0.6
Charms         | |  0.6
Summonings     | |  0.6
Necromancy     | |  0.6
Translocations | |  5.4
Transmutations | |  0.6
Fire Magic     | |  0.6
Ice Magic      | |  0.6
Air Magic      | |  0.6
Earth Magic    | |  0.6
Poison Magic   | |  0.6
Evocations     | |  0.9

Action                   || total
-------------------------++-------
Melee: Spear             ||    90
       Bite              ||    10
 Cast: Teleport Other    ||     1
  Use: Potion            ||     1
Armor: Leather armour    ||    16
Dodge: Dodged            ||    58

Table legend:
 A = Non-vault XP
 B = Vault XP
 C = Vault XP percentage of total XP
 D = Non-vault monster count
 E = Vault monster count
 F = Vault count percentage of total count
                 A         B        C        D         E       F
            +---------+---------+-------+---------+---------+-------
      Total |      34 |      37 |  52.1 |      20 |       1 |   4.8
            +---------+---------+-------+---------+---------+-------
        D:1 |      34 |       0 |   0.0 |      20 |       0 |   0.0
        D:2 |       0 |      37 | 100.0 |       0 |       1 | 100.0
            +---------+---------+-------+---------+---------+-------
